 Dungeon Crawl Stone Soup version 0.26-a0-665-gefeb406119 (webtiles) character file.

Game seed: 9216339000081063694

527 grandjackal the Ducker (level 7, -8/55 HPs)
             Began as a Demonspawn Gladiator on Oct 15, 2020.
             Shot with an arrow by a centaur (10 damage)
             ... on level 5 of the Dungeon.
             The game lasted 00:04:33 (4314 turns).

grandjackal the Ducker (Demonspawn Gladiator)       Turns: 4314, Time: 00:04:34

Health: -8/55      AC:  4    Str: 16    XL:     7   Next: 2%
Magic:  0/7        EV: 14    Int: 15    God:
Gold:   259        SH:  0    Dex: 15    Spells: 6/6 levels left

rFire    . . .     SeeInvis .   a - +0 long sword
rCold    . . .     Faith    .   (no shield)
rNeg     . . .     Spirit   +   b - +0 leather armour
rPois    .         Reflect  .   c - +0 helmet
rElec    .         Harm     .   w - scarf {+Inv}
rCorr    .         Rampage  .   (no gloves)
MR       .....     Rnd*Tele +   (no boots)
Stlth    +.........             m - amulet of guardian spirit
HPRegen  0.18/turn              h - +6 ring of intelligence
MPRegen  0.10/turn              y - ring of teleportation (curse)

@: no status effects
A: powered by pain 1, rot immunity
a: Evoke Invisibility


You were on level 5 of the Dungeon.
You visited 1 branch of the dungeon, and saw 5 of its levels.

You collected 259 gold pieces.

Inventory:

Hand Weapons
 a - a +0 long sword (weapon)
Missiles
 d - 3 throwing nets (quivered)
Armour
 b - a +0 leather armour (worn)
 c - a +0 helmet (worn)
 f - a +0 cloak
 w - a scarf of invisibility (worn)
Jewellery
 h - a +6 ring of intelligence (left hand)
 m - an amulet of guardian spirit (around neck)
 o - an uncursed amulet of reflection {unknown}
 y - a cursed ring of teleportation (right hand)
 z - an uncursed ring of resist corrosion
Wands
 s - a wand of random effects (18)
Scrolls
 g - a scroll of immolation {unknown}
 i - 6 scrolls of identify {unknown}
 k - 3 scrolls of enchant weapon {unknown}
 n - 2 scrolls of teleportation {unknown}
 p - 2 scrolls of enchant armour {unknown}
 q - a scroll of random uselessness {unknown}
 r - 2 scrolls of magic mapping {unknown}
 v - a scroll of fear {unknown}
 x - a scroll of fog {unknown}
 C - 2 scrolls of remove curse {unknown}
Potions
 e - 5 potions of curing
 j - a potion of lignification {unknown}
 l - 3 potions of mutation {unknown}
 t - 2 potions of might {unknown}
 u - a potion of heal wounds {unknown}
 A - a potion of degeneration {unknown}
 B - a potion of cancellation {unknown}


   Skills:
 + Level 4.6 Fighting
 + Level 4.7 Long Blades
 - Level 1.7 Throwing
 + Level 4.7 Dodging


You had 6 spell levels left.
You didn't know any spells.
Your spell library was empty.

Dungeon Overview and Level Annotations

Branches:
Dungeon (5/15)
 Temple: D:4-7

Altars:
Sif Muna
Vehumet


Innate Abilities, Weirdness & Mutations

You sometimes gain a little power by taking damage.
You are immune to rotting.


Message History

You see here a cursed +0 falchion.
The centaur wields a +0 shortbow.
The centaur shoots an arrow.
The arrow hits you!
You see here an arrow.
The centaur shoots an arrow.
The arrow hits you!
You focus on the pain.
You feel your power returning.
You see here an arrow.
The centaur shoots an arrow.
The arrow hits you!
* * * LOW HITPOINT WARNING * * *
You see here 2 arrows.
The centaur shoots an arrow.
The arrow hits you but does no damage.
The centaur shoots an arrow.
The arrow hits you!
* * * LOW HITPOINT WARNING * * *
You see here an arrow.
The centaur shoots an arrow.
The arrow completely misses you.
The centaur shoots an arrow.
The arrow hits you!
* * * LOW HITPOINT WARNING * * *
The centaur shoots an arrow.
The arrow hits you but does no damage.
The centaur shoots an arrow.
The arrow hits you!
You die...

##...≈≈####....#
#...?≈.c..P....#
##....≈≈####....#
#.(......##......
#.#(.....#.....$.
#.#(........###.#
#.#...#####. #.#
#.(...# #####@..#
#...<...#
###.###...#
#.....##.##
###.#.#.##.###
..##............
≈..###.#.#.##.##
.# .
.≈..##.....#.#>#
#.##..?.
≈.≈..###.##.#
.######.......


You could see a centaur.

Vanquished Creatures
  An ogre (D:5)
  A centaur (D:5)
  A howler monkey (D:4)
  2 orc priests (D:4)
  4 orc wizards (D:3)
  An iguana (D:4)
  2 adders
  An adder skeleton (D:4)
  A worm (D:5)
  A dart slug (D:3)
  21 orcs
  6 giant cockroaches
  8 goblins
  8 hobgoblins
  4 jackals (D:3)
  2 quokkas
  A ball python (D:2)
  4 bats
  3 frilled lizards
  8 kobolds
  7 rats
87 creatures vanquished.

Notes
Turn   | Place    | Note
-------+----------+-------------------------------------------
     0 | D:1      | grandjackal the Demonspawn Gladiator began the quest for
                  | the Orb.
     0 | D:1      | Reached XP level 1. HP: 16/16 MP: 1/1
   181 | D:1      | Gained mutation: You are immune to rotting. [demonic
                  | ancestry]
   181 | D:1      | Reached XP level 2. HP: 22/22 MP: 2/2
  1556 | D:2      | Reached XP level 3. HP: 28/28 MP: 3/3
  1751 | D:3      | Gained mutation: You sometimes gain a little power by
                  | taking damage. [demonic ancestry]
  1751 | D:3      | Reached XP level 4. HP: 23/35 MP: 0/4
  2063 | D:3      | Found a radiant altar of Vehumet.
  2539 | D:3      | Reached XP level 5. HP: 38/41 MP: 5/5
  3347 | D:4      | Reached XP level 6. HP: 48/48 MP: 6/6
  3984 | D:4      | Found a shimmering blue altar of Sif Muna.
  4073 | D:5      | Entered Level 5 of the Dungeon
  4125 | D:5      | Reached XP level 7. HP: 6/55 MP: 1/7
  4313 | D:5      | HP: 2/55 [centaur/arrow (7)]
  4314 | D:5      | Shot with an arrow by a centaur

Illustrated notes

Levels and vault maps discovered:
D:1:      dpeg_arrival_rooms_a, layout_basic
D:2:      layout_basic, minivault_26
D:3:      layout_basic, vehumet_crystals, chequers_hall_statues_corner_a
D:4:      layout_cave_pools, lemuel_coloured_pillars_altar, minmay_crystal_room
D:5:      layout_loops_ring, makhleb_altar_promises_db, gup_sewer_entry_spiral,
          kb_lookout_dungeons_type, kennysheep_cluttered_room,
          uniq_blork_the_orc

Skill      XL: |  1  2  3  4  5  6 |
---------------+-------------------+-----
Long Blades    | 3 4 |  4.7
Dodging        | 3 4 |  4.7
Fighting       | 3 4 |  4.6
Throwing       | |  1.7

Action                   |  1- 3 |  4- 6 |  7- 9 || total
-------------------------+-------+-------+-------++-------
Melee: Long sword        |    84 |   154 |     8 ||   246
Throw: Throwing net      |       |     2 |       ||     2
  Use: Potion            |     1 |       |       ||     1
 Stab: Sleeping          |     2 |     1 |       ||     3
       Held in net/web   |       |     1 |       ||     1
Armor: Leather armour    |    33 |    30 |     2 ||    65
Dodge: Dodged            |    62 |   117 |     6 ||   185
       Rpst.: Long sword |    25 |    34 |     1 ||    60

Table legend: (Time is in decaauts)
 A = Elapsed time spent in this place.
 B = Non-inter-level travel time spent in this place.
 C = Inter-level travel time spent in this place.
 D = Time resting spent in this place.
 E = Time spent auto-exploring this place.
 F = Levels seen in this place.
 G = Mean time per level.
                   A        B        C        D        E       F      G
               +--------+--------+--------+--------+--------+-----+--------+
         Total |   4370 |   4285 |     85 |   1257 |   2270 |   5 |  874.0 |
       Dungeon |   4370 |   4285 |     85 |   1257 |   2270 |   5 |  874.0 |
               +--------+--------+--------+--------+--------+-----+--------+

Top non-repeatable levels by time:
     D:3: 1848 daAuts
     D:2: 1033 daAuts
     D:4: 666 daAuts
     D:1: 595 daAuts
     D:5: 226 daAuts
